 Dungeon Crawl Stone Soup version 0.31.0-12-g77e489cdc1 (webtiles) character file.

Game seed: 13676170307646200954

192 Gadfly the Sneak (level 5, 0/25 HPs)
             Began as a Spriggan Enchanter on Mar 3, 2024.
             Succumbed to a goblin's poison
             ... on level 4 of the Dungeon.
             The game lasted 00:04:21 (3205 turns).

Gadfly the Sneak (Spriggan Enchanter)               Turns: 3205, Time: 00:04:21

Health: 0/25       AC:  3    Str:  4    XL:     5   Next: 42%
Magic:  11/11      EV: 18    Int: 17    God:
Gold:   104        SH:  0    Dex: 17    Spells: 6/11 levels left

rFire   . . .        b - +2 dagger (elec)
rCold   . . .        (no shield)
rNeg    . . .        g - +0 robe
rPois   .            (helmet restricted)
rElec   .            q - +0 cloak
rCorr   .            (gloves unavailable)
SInv    +            (boots unavailable)
Will    .....        (no amulet)
Stlth   +++          (no ring)
HPRegen 0.24/turn    (no ring)
MPRegen 0.12/turn

%: no passive effects
@: lethally poisoned (0 -> -9), very quick
A: very small, no large weapons, unfitting armour, see invisible, speed 3
a: no special abilities


You were on level 4 of the Dungeon.
You visited 1 branch of the dungeon, and saw 4 of its levels.

You collected 224 gold pieces.
You spent 120 gold pieces at shops.

Inventory:

Hand Weapons
 a - a +2 dagger of speed
 b - a +2 dagger of electrocution (weapon)
 k - a +1 dagger
 r - a +2 short sword of draining
Armour
 g - a +0 robe (worn)
 h - a +0 cloak
 q - a +0 cloak (worn)
Jewellery
 o - a +4 ring of protection
Wands
 n - a wand of paralysis (9)
Scrolls
 l - a scroll of identify
 p - a scroll of revelation {unknown}
Potions
 c - 2 potions of invisibility
 d - a potion of resistance {unknown}
 e - a potion of berserk rage
 f - a potion of enlightenment {unknown}
 i - a potion of mutation {unknown}
 j - a potion of curing {unknown}
 m - 2 potions of might {unknown}


   Skills:
 + Level 1.4 Fighting
 + Level 2.2 Short Blades
 + Level 3.9 Dodging
 + Level 5.4 Stealth
 + Level 3.5 Spellcasting
 + Level 4.4 Hexes
 + Level 2.1 Evocations


You had 6 spell levels left.
You knew the following spells:

 Your Spells              Type           Power      Damage    Failure   Level
a - Ensorcelled Hibernat  Hex/Ice        20%        N/A       10%         2
b - Confusing Touch       Hex            18%        N/A       9%          3

Your spell library contained the following spells:

 Spells                   Type           Power      Damage    Failure   Level
 Tukima's Dance           Hex            18%        N/A       9%          3
 Apportation              Tloc           4%         N/A       17%         1
 Necrotise                Necr           8%         1d4       17%         1
 Sandblast                Erth           4%         2d4       17%         1
 Sting                    Conj/Alch      8%         1d3       17%         1
 Summon Small Mammal      Summ           8%         N/A       17%         1
 Dazzling Flash           Conj/Hex       20%        N/A       21%         3
 Passwall                 Erth           2%         N/A       45%         3
 Stone Arrow              Conj/Erth      4%         3d7       45%         3
 Brom's Barrelling Bould  Conj/Erth      2%         2d3       86%         4


Dungeon Overview and Level Annotations

Branches:
Dungeon (4/15)
 Temple: D:4-7

Altars:

Shops:
D:3 (


Innate Abilities, Weirdness & Mutations

You are very small and have problems with some larger weapons.
You are too small for most types of armour.
You have supernaturally acute eyesight. (SInv)
You cover ground extremely quickly. (Speed+++)


Message History

The goblin hits you with a +1 dagger of venom.
You are poisoned.
You completely miss the goblin.
You feel very sick.
The goblin hits you with a +1 dagger of venom.
You are lethally poisoned!
The goblin misses you.
You hit the goblin.
The goblin is moderately wounded.
You feel very sick. The goblin completely misses you. The goblin misses you.
A goblin comes into view. It is wielding a +0 dagger.
You are too injured to fight recklessly!
You are too injured to fight recklessly!
You are too injured to fight recklessly!
You are too injured to fight recklessly!
You are too injured to fight recklessly!
You are too injured to fight recklessly!
You are too injured to fight recklessly!
You are too injured to fight recklessly!
You are too injured to fight recklessly!
You are too injured to fight recklessly!
You are too injured to fight recklessly!
You are too injured to fight recklessly!
You are too injured to fight recklessly!
You are too injured to fight recklessly!
Unknown command.
You feel sick. The goblin attacks as it pursues you!
The goblin closely misses you.
* * * LOW HITPOINT WARNING * * *
You feel very sick.
* * * LOW HITPOINT WARNING * * *
You feel sick.
The goblin unwields a +0 dagger.
The goblin wields a +0 sling.
The goblin shoots a sling bullet.
The sling bullet misses you.
* * * LOW HITPOINT WARNING * * *
You feel sick.
* * * LOW HITPOINT WARNING * * *
You feel sick.
There is a stone staircase leading up here.
You die...

......g .#
#....gB## .#
#....ggg# .#
###..##.##.#####
.......g.......
..#..##.##..####
#............#
#######...##.##
#...@......#
#.#...###..#
......... ..
#####.#.### ..
.# .#. .# .#. ##
# ..


You could see a goblin.

Vanquished Creatures
  Crazy Yiuf (D:3)
  Terence (D:2)
  5 adders
  A dart slug (D:3)
  2 ribbon worms (D:2)
  12 orcs (D:3)
  8 endoplasms
  3 giant cockroaches
  10 goblins
  9 hobgoblins
  2 jackals (D:2)
  A quokka (D:3)
  5 ball pythons
  2 bats
  3 frilled lizards
  4 kobolds
  5 rats
74 creatures vanquished.

Notes
Turn   | Place    | Note
-------+----------+-------------------------------------------
     0 | D:1      | Gadfly the Spriggan Enchanter began the quest for the Orb.
     0 | D:1      | Reached XP level 1. HP: 9/9 MP: 5/5
   225 | D:1      | Reached XP level 2. HP: 13/13 MP: 6/6
   228 | D:1      | Learned a level 2 spell: Ensorcelled Hibernation
   238 | D:1      | Found a faded altar of an unknown god.
  1119 | D:2      | Reached skill level 1 in Evocations
  1119 | D:2      | Reached XP level 3. HP: 17/17 MP: 8/8
  1135 | D:2      | Learned a level 3 spell: Confusing Touch
  1156 | D:2      | Noticed Terence
  1164 | D:2      | Killed Terence
  1165 | D:2      | Reached skill level 1 in Fighting
  1165 | D:2      | Reached skill level 5 in Stealth
  1321 | D:2      | Reached XP level 4. HP: 22/22 MP: 9/9
  2121 | D:3      | Found Vyed's Antique Weapon Shop.
  2350 | D:3      | Reached XP level 5. HP: 25/25 MP: 11/11
  2934 | D:3      | Found a runed translucent door.
  2935 | D:3      | Noticed Crazy Yiuf
  3102 | D:3      | Killed Crazy Yiuf
  3171 | D:3      | Bought a runed dagger for 120 gold pieces
  3205 | D:4      | Succumbed to a goblin's poison

Illustrated notes

Levels and vault maps discovered:
D:1:      onia_arrival_pyramid, layout_basic,
          shapermc_ecumenical_altar_mp_ritualfount
D:2:      layout_loops_cross, minmay_pentomino_q4, uniq_terence
D:3:      layout_basic, serial_shops, shop, reono_crystal_passage,
          uniq_crazy_yiuf_cottage
D:4:      layout_basic, uniq_grinder, uniq_robin, uniq_menkaure

Skill      XL: |  1  2  3  4  5 |
---------------+----------------+-----
Dodging        | 3 |  3.9
Evocations     | 1 2 |  2.1
Spellcasting   | 3 |  3.5
Fighting       | 1 |  1.4
Stealth        | 5 |  5.4
Hexes          | 4 |  4.4
Short Blades   | 2 |  2.2

Action                     |  1- 3 |  4- 6 || total
---------------------------+-------+-------++-------
  Melee: Dagger            |    60 |   123 ||   183
         Punch             |     2 |       ||     2
         Short sword       |    13 |    16 ||    29
   Cast: Ensorcelled Hiber |     9 |    19 ||    28
    Use: Scroll            |       |     3 ||     3
   Stab: Sleeping          |    15 |    16 ||    31
 Armour: Robe              |    17 |    28 ||    45
  Dodge: Dodged            |    54 |    71 ||   125
